 Dungeon Crawl Stone Soup version 0.24-a0-537-g2d01d4a (webtiles) character file.

Game seed: 12901827131135142252

103 Dorkslayer the Skirmisher (level 4, 0/42 HPs)
             Began as a Minotaur Abyssal Knight on Aug 11, 2019.
             Was a Follower of Lugonu.
             Slain by felly21's ghost (12 damage)
             ... on level 3 of the Dungeon.
             The game lasted 00:12:15 (2179 turns).

Dorkslayer the Skirmisher (Minotaur Abyssal Knight) Turns: 2179, Time: 00:12:15

Health: 0/42       AC:  5    Str: 17    XL:     4   Next: 51%
Magic:  13/13      EV: 11    Int:  9    God:    Lugonu [*.....]
Gold:   122        SH:  0    Dex: 10    Spells: 3/3 levels left

rFire    . . .     SeeInvis .   a - +1 hand axe
rCold    . . .     Gourm    .   (no shield)
rNeg     . . .     Faith    .   k - +2 leather armour {MR+}
rPois    .         Spirit   .   (helmet restricted)
rElec    .         Reflect  .   (no cloak)
rCorr    .         Harm     .   (no gloves)
MR       +....                  (no boots)
Stlth    +.........             (no amulet)
HPRegen  0.14/turn              m - ring of magical power
MPRegen  0.13/turn              (no ring)

@: no status effects
A: retaliatory headbutt, horns 2
a: Depart the Abyss, Renounce Religion


You were on level 3 of the Dungeon.
You worshipped Lugonu.
Lugonu was aware of your devotion.
You were not hungry.

You visited 1 branch of the dungeon, and saw 3 of its levels.
You visited the Abyss 1 time.

You collected 122 gold pieces.

Inventory:

Hand Weapons
 a - a +1 hand axe (weapon)
Armour
 k - a +2 leather armour of magic resistance (worn)
Jewellery
 m - a ring of magical power (left hand)
Scrolls
 b - a scroll of enchant weapon {unknown}
 e - a scroll of fog {unknown}
 g - a scroll of blinking
 j - 2 scrolls of teleportation
 n - a scroll of noise {unknown}
Potions
 i - 2 potions of curing
 l - a potion of magic
Comestibles
 c - 4 rations
 o - 3 chunks of flesh


   Skills:
 + Level 5.1 Fighting
 + Level 3.5 Axes
 + Level 3.3 Armour
 + Level 1.4 Dodging
 + Level 2.0 Invocations


You had 3 spell levels left.
You didn't know any spells.
Your spell library was empty.

Dungeon Overview and Level Annotations

Branches:
Dungeon (3/15)

Altars:
Elyvilon

Annotations:
D:3 felly21's ghost, amateur DrFi


Innate Abilities, Weirdness & Mutations

You reflexively headbutt those who attack you in melee.
You have a pair of horns on your head.


Message History

* * * LOW HITPOINT WARNING * * *
You feel much better.
Felly21's ghost hits you but does no damage.
You barely miss felly21's ghost. You headbutt felly21's ghost!
Felly21's ghost is almost destroyed.
Felly21's ghost hits you!
You barely miss felly21's ghost.
Felly21's ghost is almost destroyed.
Felly21's ghost hits you but does no damage.
You closely miss felly21's ghost. You headbutt felly21's ghost.
Felly21's ghost is almost destroyed.
Felly21's ghost hits you!
You closely miss felly21's ghost.
Felly21's ghost is almost destroyed.
Felly21's ghost hits you!
* * * LOW HITPOINT WARNING * * *
You closely miss felly21's ghost.
Felly21's ghost is almost destroyed.
Felly21's ghost hits you!
You die...

.......##....##.##.# #.#
###..........##.##.# #.# #
####.###########.# #.#
######...##.##.###(######.#
.......#####...#..(.).....#
.####....#.....#...######## .#
#..####.≈#≈'...############ .#
#..# #.(§.≈W..............#
#####..####.≈8.#@.#############
##.......##.#.≈#..#
....#....###≈≈##..#
##..#..##########.#
...........##(..#.#
###.#..#...##...#.#
###.#.##.[.##.#...#
................>.#######
###.#.##.####...........#


You could see felly21's ghost.

Vanquished Creatures
  An adder (D:3)
  3 gnolls (D:3)
  An ooze (D:1)
  A worm (D:2)
  2 dart slugs (D:1)
  2 leopard geckos
  4 bats
  2 giant cockroaches (D:2)
  7 goblins
  6 hobgoblins
  3 jackals (D:3)
  10 kobolds
  2 quokkas (D:3)
  2 ball pythons (D:1)
  A frilled lizard (D:1)
  3 rats (D:1)
50 creatures vanquished.

Notes
Turn   | Place    | Note
-------+----------+-------------------------------------------
     0 | Abyss:1  | Dorkslayer the Minotaur Abyssal Knight began the quest for
                  | the Orb.
     0 | Abyss:1  | Reached XP level 1. HP: 19/19 MP: 1/1
    34 | Abyss:1  | Noticed a ynoxinul
    35 | D:1      | Escaped the Abyss
   120 | D:1      | Reached skill level 4 in Fighting
   120 | D:1      | Reached XP level 2. HP: 27/27 MP: 2/2
   252 | D:1      | Reached * piety under Lugonu
   487 | D:1      | Reached XP level 3. HP: 34/34 MP: 3/3
  1027 | D:2      | Found a white marble altar of Elyvilon.
  1199 | D:3      | Reached XP level 4. HP: 16/41 MP: 4/4
  1550 | D:3      | Reached skill level 5 in Fighting
  2047 | D:3      | Found a large runed translucent door.
  2047 | D:3      | Found a large runed translucent door.
  2049 | D:3      | Noticed felly21's ghost (amateur DrFi)
  2179 | D:3      | Slain by felly21's ghost

Levels and vault maps discovered:
D:1:      eino_arrival_water_star, layout_basic
D:2:      layout_rooms, elyvilon_altar_4, minmay_misc_feat_alley,
          chequers_serial_rivers_micro_b
D:3:      layout_basic, first_ration, ebering_ghost_disaster_area

Skill      XL: |  1  2  3  4 |
---------------+-------------+-----
Fighting       | 4 5 |  5.1
Invocations    | 2 |  2.0
Armour         | 3 |  3.3
Axes           | 3 |  3.5
Dodging        | |  1.4

Action                   |  1- 3 |  4- 6 || total
-------------------------+-------+-------++-------
Melee: Hand axe          |    81 |    45 ||   126
       Headbutt          |     7 |     8 ||    15
Invok: Depart the Abyss  |     1 |       ||     1
  Use: Scroll            |       |     5 ||     5
       Potion            |       |     3 ||     3
  Eat: Chunk             |     1 |       ||     1
       Ration            |       |     1 ||     1
Armor: Leather armour    |    24 |    13 ||    37
Dodge: Dodged            |    69 |    22 ||    91

Table legend:
 A = Non-vault XP
 B = Vault XP
 C = Vault XP percentage of total XP
 D = Non-vault monster count
 E = Vault monster count
 F = Vault count percentage of total count
                 A         B        C        D         E       F
            +---------+---------+-------+---------+---------+-------
      Total |     148 |       0 |   0.0 |      50 |       0 |   0.0
            +---------+---------+-------+---------+---------+-------
        D:1 |      51 |       0 |   0.0 |      26 |       0 |   0.0
        D:2 |      24 |       0 |   0.0 |      11 |       0 |   0.0
        D:3 |      73 |       0 |   0.0 |      13 |       0 |   0.0
            +---------+---------+-------+---------+---------+-------
